 Dungeon Crawl Stone Soup version 0.31-a0-691-g409c26aa35 (webtiles) character file.

Game seed: 11617245769150828759

1320 cforsyth the Trooper (level 8, -4/71 HPs)
             Began as a Djinni Chaos Knight on Sept 6, 2023.
             Was a Plaything of Xom.
             Slain by a wight
             ... wielding a +0 great sword
              (16 damage)
             ... on level 6 of the Dungeon.
             The game lasted 00:08:01 (5682 turns).

cforsyth the Trooper (Djinni Chaos Knight)          Turns: 5682, Time: 00:08:02

Health: -4/71      AC: 12    Str:  9    XL:     8   Next: 90%
Gold:   1732       EV:  5    Int: 21    God:    Xom [*.....] SH:  5 Dex: 14

rFire   + + .        B - +2 spear (venom)
rCold   . . .        (no shield)
rNeg    . . .        K - +1 chain mail {Will+}
rPois   ∞            (helmet restricted)
rElec   .            (no cloak)
rCorr   .            D - +0 pair of gloves
SInv    .            (boots unavailable)
Will    +....        E - amulet of reflection Stlth
                     I - ring of protection from cold
HPRegen 0.31/turn    y - +6 ring of intelligence
MPRegen 0.00/turn

%: reflection, infuse magic (-5 HP)
@: flying
A: sickness immunity, fire resistance 2, cold vulnerability 1, float, innate
caster, HP casting, extra vitality 1, antennae 2, fangs 1, iridescent scales 1,
deterioration 1, robust 1, weak 1
a: Renounce Religion


You were on level 6 of the Dungeon.
You worshipped Xom.
You were a special plaything of Xom.
You visited 1 branch of the dungeon, and saw 6 of its levels.

You collected 1732 gold pieces.

Inventory:

Hand Weapons
 a - a +0 falchion of chaos
 z - a +2 dagger of chaos
 B - a +2 spear of venom (weapon)
Missiles
 w - 2 throwing nets
Armour
 b - a +2 leather armour
 e - a +0 plate armour
 D - a +0 pair of gloves (worn)
 K - a +1 chain mail of willpower (worn)
Magical Staves
 A - a staff of cold
Jewellery
 y - a +6 ring of intelligence (right hand)
 E - an amulet of reflection (around neck)
 I - a ring of protection from cold (left hand)
Wands
 x - a wand of light (7)
Scrolls
 c - a scroll of butterflies
 h - a scroll of fear {unknown}
 i - a scroll of enchant weapon {unknown}
 k - 3 scrolls of identify {unknown}
 o - 2 scrolls of enchant armour {unknown}
 p - 3 scrolls of revelation {unknown}
 q - 2 scrolls of fog {unknown}
 r - 2 scrolls of amnesia {unknown}
 t - 2 scrolls of poison {unknown}
 v - a scroll of teleportation {unknown}
 G - a scroll of blinking {unknown}
 H - a scroll of immolation {unknown}
Potions
 d - 3 potions of curing {unknown}
 f - a potion of mutation {unknown}
 g - 2 potions of brilliance {unknown}
 j - 2 potions of haste {unknown}
 l - 2 potions of lignification {unknown}
 m - a potion of heal wounds {unknown}
 n - a potion of resistance {unknown}
 s - a potion of might {unknown}
 u - a potion of magic {unknown}
 C - a potion of degeneration {unknown}
 F - 5 potions of enlightenment {unknown}
 J - a potion of ambrosia {unknown}


   Skills:
 + Level 7.8 Fighting
 - Level 2.6 Long Blades
 - Level 1.0 Armour
 - Level 2.1 Dodging
 + Level 5.2 Spellcasting
 + Level 5.2 Conjurations
 + Level 5.2 Hexes
   Level 0.0 Charms
 + Level 5.2 Summonings
 + Level 5.2 Necromancy
 + Level 5.2 Translocations
 + Level 5.2 Transmutations
 + Level 5.2 Fire Magic
 + Level 5.2 Ice Magic
 + Level 5.2 Air Magic
 + Level 5.2 Earth Magic
 + Level 5.2 Poison Magic


You knew the following spells:

 Your Spells              Type           Power      Damage    Failure   Level
a - Foxfire               Conj/Fire      100%       2x1d9     61%         1
b - Lesser Beckoning      Tloc           54%        N/A       75%         2
c - Mephitic Cloud        Conj/Pois/Air  27%        N/A       93%         3
Your spell library was empty.

Dungeon Overview and Level Annotations

Branches:
Dungeon (6/15)             Temple (0/1) D:4

Altars:
Xom

Annotations:
D:1 2 transporters


Innate Abilities, Weirdness & Mutations

You are immune to sickness and miasma.
You are immune to poison.
Your flesh is very heat resistant. (rF++)
You are vulnerable to cold. (rC-)
You float through the air rather than walking.
You learn spells naturally, not from books.
Your magical power is your life essence.
You have superior vitality. (+4 MHP)
You have a pair of antennae on your head.
You have very sharp teeth.
You are partially covered in iridescent scales. (AC +2)
Your body sometimes deteriorates upon taking damage.
You are robust. (+10% HP)
You are weak. (Str -2)


Message History

The wight is lightly damaged.
The wight barely misses you.
Your shadow imp hits the wight.
The wight hits you with a +0 great sword!
You are too injured to fight recklessly!
You are too injured to fight recklessly!
You are too injured to fight recklessly!
You are too injured to fight recklessly!
You are too injured to fight recklessly!
You are too injured to fight recklessly!
You are too injured to fight recklessly!
You are too injured to fight recklessly!
You are too injured to fight recklessly!
You are too injured to fight recklessly!
You are too injured to fight recklessly!
You are too injured to fight recklessly!
You hit the wight but do no damage.
The wight is moderately damaged.
Your shadow imp barely misses the wight.
The wight hits you with a +0 great sword!
You closely miss the wight.
The wight is moderately damaged.
Your shadow imp hits the wight.
The wight barely misses you.
Your shadow imp misses the wight.
You hit the wight. You bite the wight, but do no damage.
The wight is heavily damaged.
The wight hits you with a +0 great sword!
* * * LOW HITPOINT WARNING * * *
Your shadow imp hits the wight but does no damage.
Unknown command.
Press: ? - help, v - describe, . - travel
Here: a wight, wielding a +0 great sword and wearing a +0 robe (heavily damaged, ally target)
The floor.
Unknown command.
Aiming: Bolt of Light
Press: ? - help, Shift-Dir - straight line, f/p - wight
Aim: a wight, wielding a +0 great sword and wearing a +0 robe (heavily damaged, ally target, 71% to hit)
Okay, then.
Unknown command.
The wight hits you with a +0 great sword!
You die...

.......#...............#
)......##..............##
######....###...........##
.......######............#
########
##............#.##
#..#..........#..##
#{##..5.......##..## {
z{.###.z......####..#
..#####..@.....## ##.#
.... #..........# #.#
....####...<......# #.###
............÷.....####...#


Wz. .####.................# #..........####...# ##........## #..[# ##......##
##### ######## You could see a wight (ally target) and a friendly shadow imp
(summoned).

Vanquished Creatures
  A water moccasin (D:6)
  An ice beast (D:5)
  2 sky beasts (D:6)
  A bullfrog (D:6)
  A howler monkey (D:4)
  2 jellies
  2 hounds
  A sleepcap (D:5)
  2 orc wizards
  5 iguanas
  4 gnolls
  6 adders
  A shadow imp (D:5)
  A white imp (D:5)
  3 ufetubi
  A worm (D:3)
  2 dart slugs
  15 orcs
  6 ball pythons
  7 bats
  5 endoplasms
  4 giant cockroaches
  2 hobgoblins
  6 jackals
  5 quokkas
  3 frilled lizards
  5 goblins
  4 kobolds
  4 rats
102 creatures vanquished.

Vanquished Creatures (collateral kills)
  A golden eye (D:6)
  An ice beast (D:5)
  A jelly (D:6)
  2 gnolls (D:3)
  A dart slug (D:5)
6 creatures vanquished.

Grand Total: 108 creatures vanquished

Notes
Turn   | Place    | Note
-------+----------+-------------------------------------------
     0 | D:1      | cforsyth the Djinni Chaos Knight began the quest for the
                  | Orb.
     0 | D:1      | Reached XP level 1. HP: 20/20 MP: 0/0
   210 | D:1      | Reached XP level 2. HP: 16/25 MP: 0/0
   273 | D:1      | Reached skill level 1 in Spellcasting
   273 | D:1      | Reached skill level 1 in Conjurations
   273 | D:1      | Reached skill level 1 in Hexes
   273 | D:1      | Reached skill level 1 in Summonings
   273 | D:1      | Reached skill level 1 in Necromancy
   273 | D:1      | Reached skill level 1 in Translocations
   273 | D:1      | Reached skill level 1 in Transmutations
   273 | D:1      | Reached skill level 1 in Fire Magic
   273 | D:1      | Reached skill level 1 in Ice Magic
   273 | D:1      | Reached skill level 1 in Air Magic
   273 | D:1      | Reached skill level 1 in Earth Magic
   273 | D:1      | Reached skill level 1 in Poison Magic
   278 | D:1      | XOM: noise
   364 | D:1      | XOM: silly message
   377 | D:1      | XOM: divination: detect items
   379 | D:1      | Reached XP level 3. HP: 30/30 MP: 0/0
   379 | D:1      | Learned a level 1 spell: Foxfire
   459 | D:1      | XOM: butterfly on damage
   925 | D:1      | XOM: silly message
  1021 | D:1      | XOM: divination: magic mapping
  1146 | D:2      | XOM: scenery: 2 doors open
  1153 | D:2      | XOM: give mutations
  1153 | D:2      | Gained mutation: You have very sharp teeth. [Xom's grace]
  1153 | D:2      | Gained mutation: You are robust. (+10% HP) [Xom's grace]
  1153 | D:2      | Gained mutation: You have a pair of small antennae on your
                  | head. [Xom's grace]
  1183 | D:2      | XOM: cleaving
  1273 | D:2      | Reached XP level 4. HP: 40/40 MP: 0/0
  1571 | D:3      | Reached skill level 4 in Fighting
  1572 | D:3      | XOM: god gift: 1353 gold pieces
  1695 | D:3      | XOM: polymorph ball python -> orc
  1702 | D:3      | XOM: god gift: condenser vane
  1710 | D:3      | XOM: stat loss: -1 Str (10/11)
  1769 | D:4      | XOM: polymorph ball python -> iguana
  1781 | D:3      | Reached XP level 5. HP: 15/45 MP: 0/0
  1781 | D:3      | Learned a level 2 spell: Lesser Beckoning
  1949 | D:3      | XOM: chaos upgrade
  2239 | D:2      | XOM: summons 3 hostile demons
  2707 | D:2      | XOM: give mutation
  2707 | D:2      | Gained mutation: You have hidden genetic potential. [Xom's
                  | grace]
  2817 | D:3      | XOM: scenery: create altars
  2824 | D:3      | Reached XP level 6. HP: 44/53 MP: 0/0
  3153 | D:4      | Reached skill level 5 in Fighting
  3279 | D:4      | Found a staircase to the Ecumenical Temple.
  3279 | D:4      | XOM: swap monsters
  3293 | D:4      | Gained mutation: You have a pair of antennae on your head.
                  | [hidden potential]
  3696 | D:5      | Entered Level 5 of the Dungeon
  3809 | D:5      | Reached XP level 7. HP: 47/59 MP: 0/0
  3809 | D:5      | Learned a level 3 spell: Mephitic Cloud
  4201 | D:5      | Reached skill level 6 in Fighting
  4201 | D:5      | Gained mutation: You are partially covered in iridescent
                  | scales. (AC +2) [hidden potential]
  4201 | D:5      | Lost mutation: You have hidden genetic potential. [hidden
                  | potential expressed]
  4379 | D:5      | XOM: summons 7 friendly demons
  4484 | D:5      | Reached XP level 8. HP: 47/68 MP: 0/0
  5048 | D:5      | XOM: divination: detect items
  5256 | D:6      | XOM: enchant monster (good)
  5276 | D:6      | Reached skill level 7 in Fighting
  5366 | D:6      | XOM: 1-stop teleportation journey
  5397 | D:6      | XOM: give mutations
  5397 | D:6      | Gained mutation: Your body sometimes deteriorates upon
                  | taking damage. [Xom's mischief]
  5397 | D:6      | Gained mutation: You are weak. (Str -2) [Xom's mischief]
  5399 | D:6      | XOM: polymorph black bear -> golden eye
  5402 | D:6      | XOM: summons 6 friendly demons
  5445 | D:6      | Reached skill level 5 in Spellcasting
  5445 | D:6      | Reached skill level 5 in Conjurations
  5445 | D:6      | Reached skill level 5 in Hexes
  5445 | D:6      | Reached skill level 5 in Summonings
  5445 | D:6      | Reached skill level 5 in Necromancy
  5445 | D:6      | Reached skill level 5 in Translocations
  5445 | D:6      | Reached skill level 5 in Transmutations
  5445 | D:6      | Reached skill level 5 in Fire Magic
  5445 | D:6      | Reached skill level 5 in Ice Magic
  5445 | D:6      | Reached skill level 5 in Air Magic
  5445 | D:6      | Reached skill level 5 in Earth Magic
  5445 | D:6      | Reached skill level 5 in Poison Magic
  5526 | D:6      | XOM: god gift: runed chain mail {god gift}
  5614 | D:6      | XOM: summons friendly shadow imp
  5665 | D:6      | XOM: 3-stop teleportation journey
  5682 | D:6      | Slain by a wight

Illustrated notes

Levels and vault maps discovered:
D:1:      spicycebolla_arrival_transporter_tutorial, layout_loops_corners
D:2:      layout_basic
D:3:      layout_rooms, serial_bayou_pond_d
D:4:      layout_loops_ring, minmay_temple_entry_antechambers,
          chequers_serial_rivers_small_a
D:5:      layout_layer_cave
D:6:      layout_rooms, mainiacjoe_overflow_alcove_3, hangedman_glass_teeth,
          kennysheep_generic_room_4

Skill      XL: |  1  2  3  4  5  6  7  8 |
---------------+-------------------------+-----
Spellcasting   | 1 2 3 4 5 |  5.2
Conjurations   | 1 2 3 4 5 |  5.2
Hexes          | 1 2 3 4 5 |  5.2
Summonings     | 1 2 3 4 5 |  5.2
Necromancy     | 1 2 3 4 5 |  5.2
Translocations | 1 2 3 4 5 |  5.2
Transmutations | 1 2 3 4 5 |  5.2
Fire Magic     | 1 2 3 4 5 |  5.2
Ice Magic      | 1 2 3 4 5 |  5.2
Air Magic      | 1 2 3 4 5 |  5.2
Earth Magic    | 1 2 3 4 5 |  5.2
Poison Magic   | 1 2 3 4 5 |  5.2
Fighting       | 4 5 6 7 |  7.8
Long Blades    | |  2.6
Armour         | |  1.0
Dodging        | |  2.1

Action                     |  1- 3 |  4- 6 |  7- 9 || total
---------------------------+-------+-------+-------++-------
  Melee: Falchion          |   101 |    84 |       ||   185
         Bite              |     1 |    16 |    19 ||    36
         Punch             |       |     2 |       ||     2
         Dagger            |       |    22 |       ||    22
         Spear             |       |    49 |   127 ||   176
         Staff             |       |    46 |       ||    46
   Stab: Confused          |       |     1 |       ||     1
         Paralysed         |       |     1 |       ||     1
         Petrified         |       |       |    13 ||    13
 Armour: Plate armour      |    85 |   269 |    94 ||   448
         Leather armour    |     4 |       |       ||     4
         Chain mail        |       |       |    17 ||    17
  Dodge: Dodged            |    17 |    22 |     8 ||    47
  Block: Other             |       |       |     3 ||     3

Table legend: (Time is in decaauts)
 A = Elapsed time spent in this place.
 B = Non-inter-level travel time spent in this place.
 C = Inter-level travel time spent in this place.
 D = Time resting spent in this place.
 E = Time spent auto-exploring this place.
 F = Levels seen in this place.
 G = Mean time per level.
                   A        B        C        D        E       F      G
               +--------+--------+--------+--------+--------+-----+--------+
         Total |   5742 |   5555 |    187 |    481 |   4022 |   6 |  957.0 |
       Dungeon |   5742 |   5555 |    187 |    481 |   4022 |   6 |  957.0 |
               +--------+--------+--------+--------+--------+-----+--------+

Top non-repeatable levels by time:
     D:5: 1546 daAuts
     D:1: 1036 daAuts
     D:3: 965 daAuts
     D:2: 917 daAuts
     D:4: 841 daAuts
     D:6: 434 daAuts
